 Dungeon Crawl Stone Soup version 0.29.1-15-g9cfb28693d (webtiles) character file.

Game seed: 15838060484765261127

75 gargbit the Shooter (level 4, 35/35 HPs)
             Began as a Demonspawn Hunter on Apr 16, 2023.
             Quit the game on level 2 of the Dungeon.
             The game lasted 00:01:27 (1626 turns).

gargbit the Shooter (Demonspawn Hunter)             Turns: 1626, Time: 00:01:28

Health: 35/35      AC:  3    Str: 11    XL:     4   Next: 11%
Magic:  4/4        EV: 17    Int: 12    God:
Gold:   71         SH:  5    Dex: 23    Spells: 3/3 levels left

rFire   . . .      SeeInvis .   a - +0 shortbow
rCold   . . .      Faith    .   (shield currently unavailable)
rNeg    . . .      Spirit   .   c - +0 leather armour
rPois   .          Reflect  +   (no helmet)
rElec   .          Harm     .   (no cloak)
rCorr   .          Rampage  .   (no gloves)
Will    .....                   (no boots)
Stlth   ++........              i - amulet of reflection
HPRegen 0.11/turn               e - +6 ring of dexterity
MPRegen 0.18/turn               h - +4 ring of evasion

@: no status effects
A: hooves 1, magic regeneration, sanguine armour 1
a: no special abilities


You were on level 2 of the Dungeon.
You visited 1 branch of the dungeon, and saw 3 of its levels.

You collected 71 gold pieces.

Inventory:

Hand Weapons
 a - a +0 shortbow (weapon)
 p - a +1 vorpal spear
Missiles
 j - a throwing net
Armour
 c - a +0 leather armour (worn)
Jewellery
 e - a +6 ring of dexterity (left hand)
 h - a +4 ring of evasion (right hand)
 i - an amulet of reflection (around neck)
Scrolls
 b - a scroll of immolation
 f - 4 scrolls of identify {unknown}
 l - a scroll of blinking {unknown}
 m - a scroll of amnesia {unknown}
 o - a scroll of enchant weapon {unknown}
Potions
 d - a potion of might {unknown}
 g - a potion of brilliance {unknown}
 k - a potion of lignification {unknown}
 n - a potion of haste {unknown}


   Skills:
 + Level 3.4 Fighting
 - Level 3.6 Ranged Weapons
 + Level 3.1 Dodging
 - Level 0.8 Stealth


You had 3 spell levels left.
You didn't know any spells.
Your spell library was empty.

Dungeon Overview and Level Annotations

Branches:
Dungeon (3/15) Zot: 16342

Altars:


Innate Abilities, Weirdness & Mutations

You have large cloven feet.
You regenerate magic rapidly.
When seriously injured, your blood forms armour. (AC +0)


Message History

You see here a ball python corpse.
n - an emerald potion No target in view!
o - a scroll labelled QUQAWI TOMIUC No target in view!
There is a stone staircase leading up here.
You see here a +0 club.
Done exploring.
No target in view!
Done exploring.
No target in view!
Done exploring.
No target in view!
Done exploring.
No target in view!
Done exploring.
Done exploring.
No target in view!
There is a stone staircase leading down here.
You climb downwards.
Found 14 gold pieces.
There is a stone staircase leading up here.
The gnoll barely misses you.
You climb upwards.
There is a stone staircase leading down here.
You shoot an arrow. The arrow hits the gnoll!
The gnoll is heavily wounded.
The gnoll hits you with a +1 vorpal spear.
You shoot an arrow. The arrow hits the gnoll.
You kill the gnoll!
You have reached level 4!
You feel agile.
Your demonic ancestry asserts itself...
You feel your blood ready itself to protect you.
You see here a +1 vorpal spear.
p - a +1 vorpal spear You start resting.
HP restored.
You start waiting.
Done waiting.
Are you sure you want to abandon this character and quit the game? (Confirm with "yes".)

#.#.#.#.# ##.....#.#
#..#.#.#.########
##................
##.......#########.
#........##### #.
#............# ###.
##........###.# #...
#..@>.....# #.# #.##
#.##...#### #.# #.# #.###.##
#.# #.# ##### #.# #.# #.# #.#
####...#######.# #.#######.#
#.#
.............#.###.##...##.#
#.#
####......#.............##.#
#.# #
##............####...##.# #.#
#
#.####.###.#.##...#.<..###.##


There were no monsters in sight!

Vanquished Creatures
  A gnoll (D:2)
  2 adders (D:2)
  3 worms (D:2)
  A dart slug (D:1)
  3 endoplasms (D:1)
  3 giant cockroaches (D:1)
  2 goblins (D:2)
  3 hobgoblins (D:1)
  4 kobolds
  2 quokkas (D:1)
  4 ball pythons
  3 bats
  3 frilled lizards
  4 rats
38 creatures vanquished.

Notes
Turn   | Place    | Note
-------+----------+-------------------------------------------
     0 | D:1      | gargbit the Demonspawn Hunter began the quest for the Orb.
     0 | D:1      | Reached XP level 1. HP: 16/16 MP: 1/1
    40 | D:1      | Found a faded altar of an unknown god.
   143 | D:1      | Gained mutation: You regenerate magic rapidly. [demonic
                  | ancestry]
   143 | D:1      | Reached XP level 2. HP: 23/23 MP: 2/2
   758 | D:2      | Gained mutation: You have large cloven feet. [demonic
                  | ancestry]
   758 | D:2      | Reached XP level 3. HP: 28/28 MP: 3/3
  1482 | D:2      | Gained mutation: When seriously injured, your blood forms
                  | armour. (AC +0) [demonic ancestry]
  1482 | D:2      | Reached XP level 4. HP: 30/35 MP: 4/4
  1626 | D:2      | Quit the game

Illustrated notes

Levels and vault maps discovered:
D:1:      minmay_arrival_nine_rooms, layout_basic,
          shapermc_ecumenical_altar_starsandcircs, item_on_display_a
D:2:      layout_loops_ring, serial_glass, glass_columns_b, glass_columns_a
D:3:      layout_basic, makhleb_altar_promises_db, serial_shops, shop,
          amcnicky_mini_pool_small, st_stairs_12, uniq_natasha

Skill      XL: |  1  2  3 |
---------------+----------+-----
Dodging        | 2 3 |  3.1
Fighting       | 3 |  3.4
Ranged Weapons | |  3.6
Stealth        | |  0.8

Action                   |  1- 3 |  4- 6 || total
-------------------------+-------+-------++-------
 Fire: Shortbow          |    91 |       ||    91
Armor: Leather armour    |     4 |       ||     4
Dodge: Dodged            |    14 |       ||    14
Block: Other             |     1 |       ||     1
